 Dungeon Crawl Stone Soup version 0.26-a0-812-g31a745ddcd (webtiles) character file.

Game seed: 1667170985203476834

9788 tilp the Covert (level 11, -30/89 HPs)
             Began as a Gnoll Delver on Dec 2, 2020.
             Was an Elder of Nemelex Xobeh.
             Annihilated by a wolf spider simulacrum (31 damage)
             ... in a Gauntlet.
             The game lasted 00:35:31 (17298 turns).

tilp the Covert (Gnoll Delver)                     Turns: 17298, Time: 00:35:31

Health: -30/89     AC: 18    Str: 14    XL:     11   Next: 52%
Magic:  20/20      EV: 13    Int: 15    God:    Nemelex Xobeh [****..]
Gold:   96         SH:  0    Dex: 18    Spells: 22/22 levels left

rFire    + + .     SeeInvis .   a - +1 war axe (venom)
rCold    . . .     Faith    .   (no shield)
rNeg     . . .     Spirit   .   r - +2 fire dragon scales
rPois    +         Reflect  .   K - +0 helmet
rElec    .         Harm     .   z - +2 cloak
rCorr    .         Rampage  .   (no gloves)
MR       .....     NoTele   +   i - +0 pair of boots
Stlth    +++.......             (no amulet)
HPRegen  0.24/turn              q - ring of poison resistance
MPRegen  0.17/turn              P - ring of protection from cold

@: no status effects
A: distributed training, fangs 1, strong nose
a: Draw Escape, Draw Destruction, Draw Summoning, Triple Draw, Deal Four,
Renounce Religion


You were in a Gauntlet.
You worshipped Nemelex Xobeh.
Nemelex Xobeh was greatly pleased with you.
You visited 2 branches of the dungeon, and saw 12 of its levels.
You also visited: Ossuary and Gauntlet.

You collected 620 gold pieces.
You spent 524 gold pieces at shops.

Inventory:

Hand Weapons
 a - a +1 war axe of venom (weapon)
 b - a +0 short sword of flaming
 C - a +0 vampiric dagger
 V - a +0 dire flail of protection
Missiles
 e - 58 poisoned darts (quivered)
 p - 16 boomerangs
 y - 5 atropa-tipped darts
 T - 2 throwing nets
Armour
 i - a +0 pair of boots (worn)
 r - +2 fire dragon scales (worn)
 z - a +2 cloak (worn)
 K - a +0 helmet (worn)
Jewellery
 f - the ring of Bepsyigo {rElec Stlth-}
   (You found it on level 4 of the Dungeon)

   [ring of attention]

   It insulates you from electricity.
   It makes you less stealthy.
 q - a ring of poison resistance (left hand)
 F - an uncursed ring of see invisible
 H - an uncursed ring of protection from fire
 P - a ring of protection from cold (right hand)
Wands
 g - a wand of digging (3)
 D - a wand of iceblast (13)
 S - a wand of paralysis (11)
 W - a wand of flame (7)
Scrolls
 c - 6 scrolls of fog
 d - 4 scrolls of remove curse
 s - a scroll of amnesia {unknown}
 v - a scroll of noise {unknown}
 w - a scroll of blinking {unknown}
 J - a scroll of random uselessness {unknown}
 L - a scroll of holy word {unknown}
 Q - a scroll of fear
Potions
 m - 2 potions of might
 n - 5 potions of heal wounds
 t - 2 potions of mutation
 x - 5 potions of curing
 B - a potion of haste
 E - 5 potions of flight
 G - a potion of experience {unknown}
 N - 2 potions of invisibility {unknown}
 O - a potion of cancellation {unknown}
Miscellaneous
 M - a tin of tremorstones (2/2)


   Skills:
 + Level 9.2 Fighting
 + Level 6.3 Short Blades
 + Level 6.3 Long Blades
 + Level 6.3 Axes
 + Level 7.9 Maces & Flails
 + Level 6.3 Polearms
 + Level 6.3 Staves
 + Level 6.3 Slings
 + Level 6.3 Bows
 + Level 6.3 Crossbows
 + Level 6.3 Throwing
 + Level 6.3 Armour
 + Level 7.9 Dodging
 + Level 11.3 Stealth
 + Level 6.3 Shields
 + Level 6.3 Unarmed Combat
 + Level 6.3 Spellcasting
 + Level 5.2 Conjurations
 + Level 5.2 Hexes
 + Level 5.2 Summonings
 + Level 5.2 Necromancy
 + Level 5.2 Translocations
 + Level 5.2 Transmutations
 + Level 5.2 Fire Magic
 + Level 5.2 Ice Magic
 + Level 5.2 Air Magic
 + Level 5.2 Earth Magic
 + Level 5.2 Poison Magic
 + Level 7.0 Invocations
 + Level 6.3 Evocations


You had 22 spell levels left.
You didn't know any spells.
Your spell library was empty.

Dungeon Overview and Level Annotations

Branches:
Dungeon (11/15)            Temple (0/1) D:7            Lair (1/6) D:9
Ossuary (visited)         Gauntlet (1/1)
    Orc: D:9-12

Altars:
Dithmenos
Elyvilon
Gozag
Kikubaaqudgha
Makhleb
Nemelex Xobeh
Qazlal
Sif Muna
Uskayaw
Vehumet
Xom
The Shining One

Shops:
D:4 =   D:5 *

Annotations:
D:11 Erolcha Gauntlet 11 transporters


Innate Abilities, Weirdness & Mutations

Your experience applies equally to all skills.
You have very sharp teeth.
Your uncanny sense of smell can sniff out nearby items.


Message History

You hit the wolf spider simulacrum. You bite the wolf spider simulacrum.
The wolf spider simulacrum is lightly damaged.
The wolf spider simulacrum misses you.
The wolf spider simulacrum closely misses you.
The centaur warrior simulacrum fails to trigger a net trap.
The wolf spider simulacrum hits you but does no damage.
The wolf spider simulacrum bites you. The wolf spider simulacrum freezes you!
* * * LOW HITPOINT WARNING * * *
You hit the wolf spider simulacrum but do no damage.
You bite the wolf spider simulacrum, but do no damage.
The wolf spider simulacrum is lightly damaged.
The wolf spider simulacrum hits you!
* * * LOW HITPOINT WARNING * * *
The wolf spider simulacrum freezes you!
* * * LOW HITPOINT WARNING * * *
The wolf spider simulacrum bites you.
* * * LOW HITPOINT WARNING * * *
The wolf spider simulacrum freezes you!!
You die...
Your body glows with a rainbow of weird colours and disappears.

.....#...#.......YY#...≈#
######...#......YYw#..§##
.©.#.....###########...§#
...#........#.©.#.....§##
.©.#....8...#.8.#...8.##
#######.....#.©.#.....≈#
.©"[..#...#########...##
...P..#...#..#©#!.#...≈#
...#..#...#..#.#@[#...##
P.P.P.#...#..''Z###...§#
.©....#.8.#..#.^Z.#.8.##
..P...#...#..#.##.#...≈#
..P#..#...#..#.##.#...##
....P.#...#..#©...#...≈#
......#...#########..§##
#######.......©.....§§§#
.©......8.....8.....8.##


You could see 2 death yaks, a torpor snail, a wolf spider simulacrum and a
centaur warrior simulacrum.

Vanquished Creatures
  A two-headed ogre (D:9)
  Pikel (D:8)
  A gargoyle (D:10)
  4 trolls
  A centaur simulacrum (Gauntlet)
  2 wyverns
  7 yaks
  3 wraiths (D:10)
  Menkaure (Ossuary)
  A harpy simulacrum (Gauntlet)
  2 water moccasins
  5 black bears
  6 orc warriors
  2 sky beasts
  5 ice beasts
  2 phantoms
  3 ogres
  7 centaurs
  A lemure (D:8)
  A big kobold (D:11)
  3 bullfrogs
  A wyvern skeleton (D:9)
  3 scorpions
  4 killer bees (D:10)
  3 howler monkeys
  A bullfrog zombie (D:9)
  4 jellies
  A centaur zombie (D:5)
  8 orc priests
  7 hounds
  3 bullfrog skeletons
  2 gnoll shamans
  2 iguanas
  7 orc wizards
  10 worker ants
  4 mummies
  A howler monkey zombie (D:9)
  2 worker ant zombies
  11 gnolls
  12 adders
  3 shadow imps
  3 white imps
  2 oozes
  2 adder zombies
  3 adder skeletons
  A dart slug (D:3)
  6 leopard geckos
  42 orcs
  3 ball pythons
  8 bats
  4 giant cockroaches
  3 gnoll zombies (Ossuary)
  10 hobgoblins
  20 jackals
  5 quokkas
  5 frilled lizards
  A giant cockroach zombie (D:5)
  2 gnoll skeletons (Ossuary)
  2 goblins
  7 goblin skeletons (Ossuary)
  4 goblin zombies
  2 hobgoblin skeletons (Ossuary)
  8 hobgoblin zombies
  8 kobolds
  3 kobold skeletons (Ossuary)
  6 kobold zombies (Ossuary)
  A leopard gecko zombie (D:5)
  5 orc skeletons (Ossuary)
  4 orc zombies (Ossuary)
  A quokka skeleton (D:9)
  5 rats
  5 rat skeletons (Ossuary)
329 creatures vanquished.

Vanquished Creatures (others)
  An orc wizard (D:6)
  A goblin skeleton (Ossuary)
  A goblin zombie (Ossuary)
  A kobold zombie (Ossuary)
  6 fungi
  11 plants
21 creatures vanquished.

Grand Total: 350 creatures vanquished

Notes
Turn   | Place    | Note
-------+----------+-------------------------------------------
     0 | D:5      | Reached skill level 9 in Stealth
     0 | D:5      | tilp the Gnoll Delver began the quest for the Orb.
     0 | D:5      | Reached XP level 1. HP: 23/23 MP: 1/1
     4 | D:5      | Found a sparkling altar of Nemelex Xobeh.
    18 | D:5      | Became a worshipper of Nemelex Xobeh the Trickster
   151 | D:6      | Reached XP level 2. HP: 26/29 MP: 2/2
   341 | D:5      | Reached skill level 1 in Short Blades
   341 | D:5      | Reached skill level 1 in Long Blades
   341 | D:5      | Reached skill level 1 in Axes
   341 | D:5      | Reached skill level 1 in Polearms
   341 | D:5      | Reached skill level 1 in Staves
   341 | D:5      | Reached skill level 1 in Slings
   341 | D:5      | Reached skill level 1 in Bows
   341 | D:5      | Reached skill level 1 in Crossbows
   341 | D:5      | Reached skill level 1 in Throwing
   341 | D:5      | Reached skill level 1 in Armour
   341 | D:5      | Reached skill level 1 in Shields
   341 | D:5      | Reached skill level 1 in Unarmed Combat
   341 | D:5      | Reached skill level 1 in Spellcasting
   341 | D:5      | Reached skill level 1 in Invocations
   341 | D:5      | Reached skill level 1 in Evocations
   341 | D:5      | Reached XP level 3. HP: 9/35 MP: 2/4
   778 | D:3      | Reached XP level 4. HP: 40/41 MP: 5/5
   844 | D:3      | Noticed an ice beast
  1292 | D:3      | Reached skill level 1 in Conjurations
  1292 | D:3      | Reached skill level 1 in Hexes
  1292 | D:3      | Reached skill level 1 in Summonings
  1292 | D:3      | Reached skill level 1 in Necromancy
  1292 | D:3      | Reached skill level 1 in Translocations
  1292 | D:3      | Reached skill level 1 in Transmutations
  1292 | D:3      | Reached skill level 1 in Fire Magic
  1292 | D:3      | Reached skill level 1 in Ice Magic
  1292 | D:3      | Reached skill level 1 in Air Magic
  1292 | D:3      | Reached skill level 1 in Earth Magic
  1292 | D:3      | Reached skill level 1 in Poison Magic
  2195 | D:1      | Reached XP level 5. HP: 43/47 MP: 6/6
  2561 | D:2      | Reached * piety under Nemelex Xobeh
  2615 | D:2      | Noticed a water moccasin
  2877 | D:2      | Reached XP level 6. HP: 52/53 MP: 8/8
  3770 | D:3      | Found a hide-covered altar of Uskayaw.
  3817 | D:3      | Reached skill level 5 in Maces & Flails
  3817 | D:3      | Reached skill level 5 in Dodging
  4333 | D:4      | Got a glittering lead ring
  4477 | D:4      | Reached XP level 7. HP: 59/59 MP: 10/10
  4828 | D:4      | Identified the ring of Bepsyigo {rElec Stlth-} (You found
                  | it on level 4 of the Dungeon)
  4921 | D:4      | Found Unket's Jewellery Shop.
  4934 | D:4      | Received a gift from Nemelex Xobeh
  4936 | D:4      | Found a shadowy altar of Dithmenos.
  5483 | D:5      | Reached skill level 10 in Stealth
  5533 | D:5      | Found Kobagh's General Store.
  5536 | D:5      | Bought a scroll of magic mapping for 45 gold pieces
  5536 | D:5      | Bought a potion of curing for 39 gold pieces
  5693 | D:5      | Reached XP level 8. HP: 64/67 MP: 12/12
  5710 | D:5      | Reached ** piety under Nemelex Xobeh
  6420 | D:6      | Found a shimmering blue altar of Sif Muna.
  7211 | D:6      | Found a burning altar of Makhleb.
  7977 | D:4      | Bought an uncursed ring of see invisible for 165 gold
                  | pieces
  8223 | D:6      | Reached XP level 9. HP: 38/72 MP: 14/14
  8390 | D:7      | Received a gift from Nemelex Xobeh
  8391 | D:7      | Found a staircase to the Ecumenical Temple.
  8793 | D:7      | Found a shimmering altar of Xom.
  8918 | D:7      | Got a distressingly furry scale mail
  9807 | D:8      | Found a sand-covered staircase.
  9818 | Ossuary  | Entered an ossuary
 10006 | Ossuary  | Received a gift from Nemelex Xobeh
 10185 | Ossuary  | Noticed Menkaure
 10581 | Ossuary  | HP: 2/74 [Menkaure/nerve-wracking pain (14)]
 10582 | Ossuary  | Killed Menkaure
 11120 | Ossuary  | Identified the +2 scale mail "Esauh" {Str+2} (You found it
                  | on level 7 of the Dungeon)
 11312 | D:8      | Noticed Pikel
 11325 | D:8      | Killed Pikel
 11325 | D:8      | Reached skill level 5 in Invocations
 11589 | D:8      | Reached XP level 10. HP: 79/80 MP: 17/17
 11715 | D:8      | Found a shimmering blue altar of Sif Muna.
 11733 | D:8      | Reached *** piety under Nemelex Xobeh
 11803 | D:8      | Found a shimmering altar of Xom.
 11830 | D:8      | Found an opulent altar of Gozag.
 12046 | D:9      | Reached skill level 5 in Short Blades
 12046 | D:9      | Reached skill level 5 in Long Blades
 12046 | D:9      | Reached skill level 5 in Axes
 12046 | D:9      | Reached skill level 5 in Polearms
 12046 | D:9      | Reached skill level 5 in Staves
 12046 | D:9      | Reached skill level 5 in Slings
 12046 | D:9      | Reached skill level 5 in Bows
 12046 | D:9      | Reached skill level 5 in Crossbows
 12046 | D:9      | Reached skill level 5 in Throwing
 12046 | D:9      | Reached skill level 5 in Armour
 12046 | D:9      | Reached skill level 5 in Shields
 12046 | D:9      | Reached skill level 5 in Unarmed Combat
 12046 | D:9      | Reached skill level 5 in Spellcasting
 12046 | D:9      | Reached skill level 5 in Evocations
 12085 | D:9      | Found an ancient bone altar of Kikubaaqudgha.
 12391 | D:9      | Found a radiant altar of Vehumet.
 12452 | D:9      | Found a staircase to the Lair.
 12755 | D:9      | Received a gift from Nemelex Xobeh
 13565 | D:9      | Reached skill level 11 in Stealth
 13710 | D:9      | Noticed a two-headed ogre
 13722 | D:9      | Killed a two-headed ogre
 13722 | D:9      | Reached XP level 11. HP: 38/87 MP: 19/19
 14203 | D:4      | Bought an uncursed ring of ice for 275 gold pieces
 14361 | D:10     | Entered Level 10 of the Dungeon
 15049 | D:10     | Reached skill level 5 in Conjurations
 15049 | D:10     | Reached skill level 5 in Hexes
 15049 | D:10     | Reached skill level 5 in Summonings
 15049 | D:10     | Reached skill level 5 in Necromancy
 15049 | D:10     | Reached skill level 5 in Translocations
 15049 | D:10     | Reached skill level 5 in Transmutations
 15049 | D:10     | Reached skill level 5 in Fire Magic
 15049 | D:10     | Reached skill level 5 in Ice Magic
 15049 | D:10     | Reached skill level 5 in Air Magic
 15049 | D:10     | Reached skill level 5 in Earth Magic
 15049 | D:10     | Reached skill level 5 in Poison Magic
 15358 | D:10     | Received a gift from Nemelex Xobeh
 16182 | D:10     | Reached **** piety under Nemelex Xobeh
 16524 | D:11     | Noticed Erolcha
 16631 | D:11     | Noticed a centaur warrior
 17006 | Lair:1   | Entered Level 1 of the Lair of Beasts
 17016 | Lair:1   | Found a gate leading to a gauntlet.
 17063 | Gauntlet | Entered a Gauntlet
 17063 | Gauntlet | Found a transporter.
 17066 | Gauntlet | Found a transporter.
 17067 | Gauntlet | Found a runed translucent gate.
 17067 | Gauntlet | Found a runed translucent gate.
 17069 | Gauntlet | Found a transporter.
 17070 | Gauntlet | Found a transporter.
 17070 | Gauntlet | Noticed a dire elephant
 17073 | Gauntlet | Found a transporter.
 17074 | Gauntlet | Found a transporter.
 17080 | Gauntlet | Noticed a wizard
 17082 | Gauntlet | Noticed a death yak
 17082 | Gauntlet | Noticed a death yak
 17082 | Gauntlet | Noticed a wizard
 17082 | Gauntlet | Noticed a death yak
 17083 | Gauntlet | Found a transporter.
 17083 | Gauntlet | Noticed a death yak
 17084 | Gauntlet | Noticed a death yak
 17084 | Gauntlet | Noticed a death yak
 17085 | Gauntlet | Found a transporter.
 17100 | Gauntlet | Noticed a moth of wrath
 17101 | Gauntlet | Received a gift from Nemelex Xobeh
 17109 | Gauntlet | Found a transporter.
 17109 | Gauntlet | Found a transporter.
 17112 | Gauntlet | Noticed a wretched star
 17117 | Gauntlet | Found a transporter.
 17158 | Gauntlet | Found a transporter.
 17253 | Gauntlet | Found a runed translucent gate.
 17298 | Gauntlet | HP: 4/89 [wolf spider simulacrum (12)]
 17298 | Gauntlet | HP: 1/89 [wolf spider simulacrum (3)]
 17298 | Gauntlet | Annihilated by a wolf spider simulacrum

Illustrated notes

Levels and vault maps discovered:
D:1:      shiori_shiawase, layout_basic
D:2:      layout_loops_ring
D:3:      layout_basic, eat_drink_and_be_merry_uskayaw
D:4:      layout_rooms, grunt_dithmenos_smoke_and_mirrors, nrook_loot_triangle,
          minmay_shop_grid_forest, grunt_tough_drop
D:5:      layout_gridville, nicolae_overflow_hidden_temple, serial_shops,
          kennysheep_mini
D:6:      layout_loops_ring, makhleb_grotto_becter, basic_altar
D:7:      layout_basic, minmay_temple_entry_stoned_glass, tgw_xom
D:8:      layout_rooms, grunt_gozag_statues, nicolae_overflow_crystal_walls,
          nicolae_ossuary_entry_giza, basic_altar, uniq_pikel
D:9:      layout_basic, old_standard_altar, overflow_temple_1_default,
          david_lair_generic
D:10:     layout_stronghold
D:11:     layout_basic, st_stairs_4, uniq_erolcha
Lair:1:   layout_hall_layers, gauntlet_entry_generic, basic_altar,
          grunt_megastairs_5, uniq_joseph, uniq_gastronok
Gauntlet: minmay_gauntlet_mixed_oops_all_seconds
          [minmay_gauntlet_arena_77_run_for_it, gammafunk_gauntlet_arena_hedges,
          minmay_gauntlet_arena_77_mess, gammafunk_gauntlet_arena_teeth,
          minmay_gauntlet_arena_77_box, nicolae_gauntlet_swirl,
          nicolae_gauntlet_exit_dead_adventurers]

Skill      XL: |  1  2  3  4  5  6  7  8  9 10 11 |
---------------+----------------------------------+-----
Stealth        | 10 11 | 11.3
Short Blades   | 1 2 3 4 5 6 |  6.3
Long Blades    | 1 2 3 4 5 6 |  6.3
Axes           | 1 2 3 4 5 6 |  6.3
Polearms       | 1 2 3 4 5 6 |  6.3
Staves         | 1 2 3 4 5 6 |  6.3
Slings         | 1 2 3 4 5 6 |  6.3
Bows           | 1 2 3 4 5 6 |  6.3
Crossbows      | 1 2 3 4 5 6 |  6.3
Throwing       | 1 2 3 4 5 6 |  6.3
Armour         | 1 2 3 4 5 6 |  6.3
Shields        | 1 2 3 4 5 6 |  6.3
Unarmed Combat | 1 2 3 4 5 6 |  6.3
Spellcasting   | 1 2 3 4 5 6 |  6.3
Invocations    | 1 2 3 4 5 6 7 |  7.0
Evocations     | 1 2 3 4 5 6 |  6.3
Conjurations   | 1 2 3 4 5 |  5.2
Hexes          | 1 2 3 4 5 |  5.2
Summonings     | 1 2 3 4 5 |  5.2
Necromancy     | 1 2 3 4 5 |  5.2
Translocations | 1 2 3 4 5 |  5.2
Transmutations | 1 2 3 4 5 |  5.2
Fire Magic     | 1 2 3 4 5 |  5.2
Ice Magic      | 1 2 3 4 5 |  5.2
Air Magic      | 1 2 3 4 5 |  5.2
Earth Magic    | 1 2 3 4 5 |  5.2
Poison Magic   | 1 2 3 4 5 |  5.2
Maces & Flails | 5 6 7 |  7.9
Dodging        | 5 6 7 |  7.9
Fighting       | 7 8 9 |  9.2

Action                   |  1- 3 |  4- 6 |  7- 9 | 10-12 || total
-------------------------+-------+-------+-------+-------++-------
Melee: Mace              |    40 |   304 |   236 |       ||   580
       Bite              |     6 |    40 |    67 |    67 ||   180
       Punch             |       |     4 |    11 |    13 ||    28
       War axe           |       |       |   292 |   423 ||   715
       Dagger            |       |       |    21 |       ||    21
Throw: Stone             |     4 |     3 |       |       ||     7
       Dart              |       |     4 |    55 |    41 ||   100
Invok: Draw Destruction  |       |       |     1 |     5 ||     6
  Use: Scroll            |     2 |     7 |     6 |     6 ||    21
       Potion            |     1 |       |       |     1 ||     2
 Stab: Sleeping          |       |     3 |       |     5 ||     8
Armor: Leather armour    |     9 |    18 |       |       ||    27
       Plate armour      |       |   135 |   348 |   189 ||   672
       Fire dragon scale |       |       |       |   123 ||   123
Dodge: Dodged            |    29 |   149 |   157 |   238 ||   573

Table legend: (Time is in decaauts)
 A = Elapsed time spent in this place.
 B = Non-inter-level travel time spent in this place.
 C = Inter-level travel time spent in this place.
 D = Time resting spent in this place.
 E = Time spent auto-exploring this place.
 F = Levels seen in this place.
 G = Mean time per level.
                   A        B        C        D        E       F      G
               +--------+--------+--------+--------+--------+-----+--------+
         Total |  17603 |  16155 |   1448 |   5312 |   6817 |  14 | 1257.4 |
       Dungeon |  15960 |  14523 |   1437 |   4870 |   6273 |  11 | 1450.9 |
          Lair |     55 |     44 |     11 |      0 |      0 |   1 |   55.0 |
       Ossuary |   1350 |   1350 |      0 |    442 |    450 |   1 | 1350.0 |
      Gauntlet |    237 |    237 |      0 |      0 |     94 |   1 |  237.0 |
               +--------+--------+--------+--------+--------+-----+--------+

Top non-repeatable levels by time:
    D:10: 2610 daAuts
     D:9: 2162 daAuts
     D:3: 1885 daAuts
     D:6: 1783 daAuts
     D:7: 1708 daAuts
     D:5: 1384 daAuts
     D:2: 1352 daAuts
 Ossuary: 1350 daAuts
     D:4: 1190 daAuts
     D:1: 969 daAuts
     D:8: 796 daAuts
Gauntlet: 237 daAuts
    D:11: 118 daAuts
  Lair:1: 55 daAuts
